 Dungeon Crawl Stone Soup version 0.29.1-1-gd02db6906a (webtiles) character file.

Game seed: 7758617783533139319

759 Ashen the Chiller (level 7, -7/52 HPs)
             Began as a Demonspawn Ice Elementalist on Oct 20, 2022.
             Was an Initiate of Vehumet.
             Mangled by a gnoll sergeant
             ... wielding a +0 spear
              (12 damage)
             ... on level 5 of the Dungeon.
             The game lasted 00:09:50 (6170 turns).

Ashen the Chiller (Demonspawn Ice Elementalist)     Turns: 6170, Time: 00:09:51

Health: -7/52      AC:  9    Str:  9    XL:     7   Next: 50%
Magic:  2/12       EV: 13    Int: 18    God:    Vehumet [......]
Gold:   593        SH:  0    Dex: 13    Spells: 6/13 levels left

rFire   . . .      SeeInvis .   o - +1 dagger (venom)
rCold   . . .      Faith    .   (no shield)
rNeg    . . .      Spirit   .   a - +0 robe
rPois   .          Reflect  .   (no helmet)
rElec   .          Harm     .   (no cloak)
rCorr   .          Rampage  .   (no gloves)
Will    +....                   j - +0 pair of boots {Stlth+}
Stlth   +++.......              (no amulet)
HPRegen 0.17/turn               h - ring of willpower
MPRegen 0.13/turn               k - ring of flight

@: mighty, ice-armoured, freezing walls, flying
A: hooves 1, demonic guardian 1, powered by pain 2
a: Renounce Religion


You were on level 5 of the Dungeon.
You worshipped Vehumet.
Vehumet was noncommittal.
You visited 2 branches of the dungeon, and saw 6 of its levels.

You collected 593 gold pieces.

Inventory:

Hand Weapons
 e - a +3 dagger
 o - a +1 dagger of venom (weapon)
Armour
 a - a +0 robe (worn)
 j - a +0 pair of boots of stealth (worn)
Jewellery
 h - a ring of willpower (left hand)
 k - a ring of flight (right hand)
 l - a ring of ice
 n - a +4 ring of protection
Wands
 t - a wand of digging (8)
Scrolls
 c - a scroll of enchant armour {unknown}
 f - 2 scrolls of identify {unknown}
 g - 2 scrolls of teleportation {unknown}
 i - a scroll of magic mapping {unknown}
 r - 3 scrolls of blinking {unknown}
 u - a scroll of torment {unknown}
 w - a scroll of brand weapon {unknown}
 x - a scroll of butterflies {unknown}
 y - a scroll of enchant weapon {unknown}
Potions
 b - a potion of magic
 d - 5 potions of curing {unknown}
 m - 2 potions of degeneration {unknown}
 p - a potion of mutation {unknown}
 q - a potion of ambrosia {unknown}
 s - 2 potions of haste {unknown}
 v - a potion of brilliance {unknown}
 z - a potion of attraction {unknown}


   Skills:
 + Level 3.3 Fighting
 + Level 3.8 Dodging
 + Level 4.1 Stealth
 + Level 3.9 Spellcasting
 + Level 5.0 Ice Magic


You had 6 spell levels left.
You knew the following spells:

 Your Spells              Type           Power      Damage    Failure   Level
a - Freeze                Ice            84%        1d10      1%          1
b - Frozen Ramparts       Ice            42%        1d7       6%          3
c - Ozocubu's Armour      Ice            21%        N/A       6%          3

Your spell library contained the following spells:

 Spells                   Type           Power      Damage    Failure   Level
 Magic Dart               Conj           12%        1d3       16%         1
 Blink                    Tloc           6%         N/A       22%         2
 Call Imp                 Summ           3%         N/A       22%         2
 Sublimation of Blood     Necr           3%         N/A       22%         2
 Wereblood                Tmut           3%         N/A       22%         2
 Mephitic Cloud           Conj/Pois/Air  3%         N/A       41%         3
 Hailstorm                Conj/Ice       12%        3d5       47%         4
 Manifold Assault         Tloc           3%         N/A       99%         5
 Conjure Ball Lightning   Conj/Air       1%         3x3d6     100%        6
 Storm Form               Tmut/Air       1%         N/A       100%        7
 Summon Hydra             Summ           1%         N/A       100%        7
 Discord                  Hex            1%         N/A       100%        8
 Disjunction              Tloc           1%         N/A       100%        8


Dungeon Overview and Level Annotations

Branches:
Dungeon (5/15)             Temple (1/1) D:5

Altars:
Ashenzari
Cheibriados
Dithmenos
Fedhas
Gozag
Hepliaklqana
Kikubaaqudgha
Makhleb
Nemelex Xobeh
Okawaru
Qazlal
Ru
Trog
Vehumet
Wu Jian
Xom
Yredelemnul

Annotations:
D:2 1 runed translucent door, Crazy Yiuf
D:4 exclusions: black bear, necrophage and ogre, Grinder


Innate Abilities, Weirdness & Mutations

You have large cloven feet.
A weak demonic guardian rushes to your aid.
You sometimes gain power by taking damage.


Message History

The frozen ramparts melt away.
Your ufetubus hits the gnoll sergeant but does no damage. x2
The gnoll sergeant barely misses you.
Your ufetubus hits the gnoll sergeant but does no damage.
Your ufetubus barely misses the gnoll sergeant.
The gnoll sergeant closely misses you.
Your ufetubus hits the gnoll sergeant but does no damage.
Your ufetubus hits the gnoll sergeant.
Your ufetubus hits the gnoll sergeant but does no damage.
Your ufetubus hits the gnoll sergeant.
The gnoll sergeant hits your ufetubus with a +0 spear!
Your ufetubus dies!
Your ufetubus disappears in a puff of smoke!
The gnoll sergeant shouts!
Casting: Ozocubu's Armour (dangerous; 6% risk of failure)
Confirm with . or Enter, or press ? or * to list all spells.
Casting: Frozen Ramparts (dangerous; 6% risk of failure)
Press: ? - help, Dir - look around, f - activate The walls around you are covered in ice.
The wall freezes the gnoll sergeant.
The gnoll sergeant hits you from afar with a +0 spear.
* * * LOW HITPOINT WARNING * * *
The wall freezes the centaur.
Your magical contamination has completely faded away.
The wall freezes the gnoll sergeant but does no damage.
The gnoll sergeant barely misses you.
The wall freezes the gnoll sergeant but does no damage.
The gnoll sergeant hits you but does no damage.
The wall freezes the gnoll sergeant but does no damage.
The gnoll sergeant misses you.
The wall freezes the gnoll sergeant.
The gnoll sergeant misses you.
The wall freezes the gnoll sergeant but does no damage.
The gnoll sergeant hits you from afar with a +0 spear!
* * * LOW HITPOINT WARNING * * *
A demonic guardian appears!
The wall freezes the gnoll sergeant but does no damage.
The gnoll sergeant hits you but does no damage.
The wall freezes the gnoll sergeant.
The gnoll sergeant hits you from afar with a +0 spear!
You die...

##.....####'####......##########
#.......)......)......#.........
#.......########......#.........
#.......#......'......#.........
##.....##......#########....##.#
#.....#........# ##...##...#...
###'#####........###.....##......
...†...#........5)g.$...$.####..⌠
.......##.......@##..$.$..#..#...
#.....###...(....##.O.$.$.#......
##...## ##.....)###.......#..#...
#...# #......# ###...###..#..⌠
##.## ######## #### ##..... ###
#.#... #.##.# #..>.. ######


You could see a gnoll sergeant (ally target) and a friendly iron imp (summoned).

Vanquished Creatures
  A water moccasin (D:5)
  A black bear (D:5)
  An ogre (D:5)
  2 jellies
  2 hounds
  An orc wizard (D:3)
  4 iguanas (D:5)
  4 adders
  A white imp (D:5)
  3 ufetubi
  5 worms
  2 dart slugs (D:5)
  13 orcs
  7 bats
  4 endoplasms
  A giant cockroach (D:1)
  4 goblins
  8 hobgoblins
  5 kobolds
  8 quokkas
  6 ball pythons
  4 frilled lizards
  6 rats
93 creatures vanquished.

Vanquished Creatures (collateral kills)
  A hound (D:4)
  A gnoll bouda (D:5)
  A worm (D:2)
  A ball python (D:1)
4 creatures vanquished.

Grand Total: 97 creatures vanquished

Notes
Turn   | Place    | Note
-------+----------+-------------------------------------------
     0 | D:1      | Ashen the Demonspawn Ice Elementalist began the quest for
                  | the Orb.
     0 | D:1      | Reached XP level 1. HP: 13/13 MP: 3/3
   306 | D:1      | Gained mutation: A weak demonic guardian rushes to your
                  | aid. [demonic ancestry]
   306 | D:1      | Reached XP level 2. HP: 17/19 MP: 0/5
  1086 | D:1      | Gained mutation: You sometimes gain a little power by
                  | taking damage. [demonic ancestry]
  1086 | D:1      | Reached XP level 3. HP: 23/25 MP: 6/6
  1756 | D:2      | Reached skill level 1 in Fighting
  1913 | D:2      | Learned a level 3 spell: Frozen Ramparts
  1917 | D:2      | Learned a level 3 spell: Ozocubu's Armour
  2086 | D:2      | Found a runed translucent door.
  2087 | D:2      | Noticed Crazy Yiuf
  2162 | D:3      | Reached skill level 4 in Ice Magic
  2162 | D:3      | Reached XP level 4. HP: 29/32 MP: 3/7
  3144 | D:4      | Found a snail-covered altar of Cheibriados.
  3154 | D:4      | Gained mutation: You sometimes gain power by taking damage.
                  | [demonic ancestry]
  3154 | D:4      | Reached XP level 5. HP: 18/38 MP: 6/9
  3563 | D:4      | Noticed a black bear
  3949 | D:4      | Noticed an ogre
  4381 | D:4      | Noticed Grinder
  4613 | D:5      | Entered Level 5 of the Dungeon
  4689 | D:5      | Discovered your monstrous ancestry.
  4689 | D:5      | Gained mutation: You have large cloven feet. [demonic
                  | ancestry]
  4689 | D:5      | Reached XP level 6. HP: 26/44 MP: 3/10
  4912 | D:5      | Found a staircase to the Ecumenical Temple.
  4966 | Temple   | Entered the Ecumenical Temple
  5103 | Temple   | Became a worshipper of Vehumet
  5567 | D:5      | Identified the +1 scale mail of Pairph {rC+ Will+}
  5754 | D:5      | Noticed a water moccasin
  5763 | D:5      | Killed a water moccasin
  5764 | D:5      | Reached XP level 7. HP: 38/52 MP: 7/12
  6159 | D:5      | Reached skill level 5 in Ice Magic
  6170 | D:5      | Mangled by a gnoll sergeant

Illustrated notes

Levels and vault maps discovered:
D:1:      tarquinn_simple_flora_water_a, layout_loops_corners
D:2:      layout_rooms, minmay_pentomino_x2, uniq_crazy_yiuf_cottage
D:3:      layout_basic, nicolae_figureground_sparkle
D:4:      layout_basic, mainiacjoe_overflow_tiny_flanked, uniq_grinder
D:5:      minmay_polygon_palace, layout_gridville,
          minmay_temple_entry_large_hall
Temple:   nicolae_temple_bog_church

Skill      XL: |  1  2  3  4  5  6  7 |
---------------+----------------------+-----
Dodging        | 2 3 |  3.8
Stealth        | 2 3 4 |  4.1
Fighting       | 1 2 3 |  3.3
Ice Magic      | 4 5 |  5.0
Spellcasting   | 3 |  3.9

Action                   |  1- 3 |  4- 6 |  7- 9 || total
-------------------------+-------+-------+-------++-------
Melee: Unarmed           |     3 |       |       ||     3
       Dagger            |    62 |   129 |    14 ||   205
       Punch             |       |     1 |       ||     1
 Cast: Freeze            |    30 |    10 |       ||    40
       Frozen Ramparts   |     1 |     6 |     5 ||    12
       Ozocubu's Armour  |       |     7 |     3 ||    10
 Stab: Sleeping          |    11 |    15 |       ||    26
       Distracted        |     1 |       |       ||     1
Armor: Robe              |    13 |    36 |     4 ||    53
Dodge: Dodged            |    50 |    71 |    13 ||   134
